 Dungeon Crawl Stone Soup version 0.17.0-9-g801d43b (console) character file.

25 gw the Ruffian (level 3, -7/31 HPs)
             Began as a Naga Transmuter on Nov 10, 2015.
             Mangled by a gnoll
             ... wielding a +0 flail
              (13 damage)
             ... on level 2 of the Dungeon.
             The game lasted 00:01:03 (1369 turns).

gw the Ruffian (Naga Transmuter)                    Turns: 1369, Time: 00:01:03

Health: -7/31      AC:  2    Str: 12    XL:     3   Next: 6%
Magic:  6/6        EV:  9    Int: 14    God:
Gold:   44         SH:  0    Dex: 11    Spells: 2 memorised, 2 levels left

rFire  . . .     SeeInvis +       - Unarmed
rCold  . . .     Clarity  .     e - +0 leather armour
rNeg   . . .     SustAt   .     (no shield)
rPois  +         Gourm    .     (no helmet)
rElec  .         Spirit   .     (no cloak)
rCorr  .         Warding  .     (no gloves)
rMut   .         Stasis   .     (no barding)
MR     .....                    (no amulet)
Stlth  +.........               (no ring)
                                (no ring)

@: lethally poisoned (-7 -> -10), very slightly contaminated, very slow, not
resistant to hostile enchantments, very unstealthy
A: see invisible, deformed body, poison resistance, slowness 2, slow metabolism
1, spit poison 2, AC +1
a: Spit Poison


You were on level 2 of the Dungeon.
You were very hungry.

You visited 1 branch of the dungeon, and saw 2 of its levels.

You collected 44 gold pieces.

Inventory:

Missiles
 a - 32 arrows
 b - 20 stones (quivered)
Armour
 e - a +0 leather armour (worn)
Books
 c - a book of Changes

   Spells                             Type                      Level
   a - Beastly Appendage              Transmutation                1
   b - Sticks to Snakes               Transmutation                2
   c - Spider Form                    Transmutation/Poison         3
   d - Ice Form                       Ice/Transmutation            4
   e - Blade Hands                    Transmutation                5
Comestibles
 d - a bread ration


   Skills:
 + Level 1.3 Fighting
 + Level 1.9 Dodging
 + Level 3.2 Unarmed Combat
 * Level 2.2 Spellcasting
 + Level 2.4 Transmutations


You had 2 spell levels left.
You knew the following spells:

 Your Spells              Type           Power        Failure   Level  Hunger
a - Beastly Appendage     Trmt           #.....       14%         1    #......
b - Spider Form           Trmt/Pois      #.........   63%         3    ###....


Dungeon Overview and Level Annotations

Branches:
Dungeon (2/15)

Altars:


Innate Abilities, Weirdness & Mutations

You cannot wear boots.
Your serpentine skin is tough (AC +1).
You have supernaturally acute eyesight.
Armour fits poorly on your strangely shaped body.
Your system is resistant to poisons.
You cover ground very slowly.
You have a slow metabolism.
You can spit poison.


Message History

MOVING TO (5,-6)
The bat hits you.
Unknown command.
Unknown command.
Unknown command.
MOVING TO (4,-6)
You feel sick. The bat hits you. The bat barely misses you.
The adder bites you. The gnoll hits you with a club.
Unknown command.
Unknown command.
Unknown command.
MOVING TO (3,-5)
The bat hits you but does no damage. The bat barely misses you.
Unknown command.
Unknown command.
Unknown command.
MOVING TO (2,-4)
The bat hits you but does no damage. The adder barely misses you.
The gnoll hits you with a flail!
You die...

... .g### ## #!.
......... ..
..........###.##
...).....##.....
.........##...# ###
.............#
#....
..........lSN#...#
..........g#.g.#
#.................#
..............#


You could see 2 gnolls, 2 adders, a giant gecko and a bat.

Table legend:
 A = Turns spent in this place as a percentage of turns spent in the entire game.
 B = Non-inter-level travel turns spent in this place as a percentage of non-inter-level travel turns spent in the entire game.
 C = Inter-level travel turns spent in this place as a percentage of turns spent in this place.
 D = Turns resting spent in this place as a percentage of non-inter-level travel turns spent in this place.
 E = Turns spent auto-exploring this place as a percentage of non-inter-level travel turns spent in this place.
 F = Non-inter-level travel turns spent in this place divided by the number of levels of this place that you've seen.
                   A       B       C       D       E      F
               +-------+-------+-------+-------+-------+----------------------
         Total | 100.0 | 100.0 |   0.3 |   2.8 |   2.5 | 795.0
       Dungeon | 100.0 | 100.0 |   0.3 |   2.8 |   2.5 | 795.0
               +-------+-------+-------+-------+-------+----------------------

Table legend:
 A = Kills in this place as a percentage of kills in entire the game.
 B = Kills by you in this place as a percentage of kills by you in the entire game.
 C = Kills by friends in this place as a percentage of kills by friends in the entire game.
 D = Other kills in this place as a percentage of other kills in the entire game.
 E = Experience gained in this place as a percentage of experience gained in the entire game.
 F = Experience gained in this place divided by the number of levels of this place that you have seen.
                   A       B       C       D       E      F
               +-------+-------+-------+-------+-------+----------------------
         Total | 100.0 | 100.0 |  -nan |  -nan | 100.0 |  18.5
       Dungeon | 100.0 | 100.0 |  -nan |  -nan | 100.0 |  18.5
               +-------+-------+-------+-------+-------+----------------------

Vanquished Creatures
  A giant gecko (D:1)
  A ball python (D:1)
  3 bats (D:1)
  A giant cockroach (D:1)
  3 hobgoblins (D:1)
  3 kobolds (D:1)
  3 giant newts (D:1)
  6 goblins (D:1)
  2 rats (D:1)
23 creatures vanquished.

Notes
Turn   | Place    | Note
--------------------------------------------------------------
     0 | D:1      | gw the Naga Transmuter began the quest for the Orb.
     0 | D:1      | Reached XP level 1. HP: 18/18 MP: 3/3
   348 | D:1      | Reached XP level 2. HP: 25/25 MP: 3/5
   967 | D:1      | Reached XP level 3. HP: 16/31 MP: 6/6
  1133 | D:1      | Learned a level 3 spell: Spider Form
  1369 | D:2      | Mangled by a gnoll

Action                   || total
-------------------------++-------
Melee: Unarmed           ||    49
Throw: Stone             ||    27
 Cast: Beastly Appendage ||    15

Vault maps used:
D:1:      tarquinn_simple_flora_water_d
D:2:      minmay_misc_feat_more_columns, uniq_crazy_yiuf_cottage
